 Dungeon Crawl Stone Soup version 0.29.0-10-g45618ea6d2 (webtiles) character file.

Game seed: 14034497850670020715

67760 nickcage the Minotaur Blade (level 14, -11/127 HPs)
             Began as a Minotaur Monk on Aug 30, 2022.
             Was the Champion of Qazlal.
             Killed by divine providence
             ... invoked by an orc priest
              (14 damage)
             ... on level 2 of the Orcish Mines on Sept 1, 2022.
             The game lasted 00:58:50 (22155 turns).

nickcage the Minotaur Blade (Minotaur Monk)        Turns: 22155, Time: 00:58:52

Health: -11/127    AC: 20    Str: 28    XL:     14   Next: 84%
Magic:  17/17      EV:  9    Int:  7    God:    Qazlal [******]
Gold:   1797       SH: 13    Dex: 15    Spells: 10/13 levels left

rFire   . . .      SeeInvis .   I - +3 triple sword of Winter {flame, Dex+3}
rCold   . . .      Faith    .   (shield currently unavailable)
rNeg    . . .      Spirit   .   d - +1 plate armour
rPois   .          Reflect  +   (helmet restricted)
rElec   .          Harm     .   (no cloak)
rCorr   .          Rampage  .   i - +0 pair of gloves
Will    +....                   (no boots)
Stlth   ..........              H - amulet of reflection
HPRegen 0.31/turn               u - +4 ring of slaying
MPRegen 0.15/turn               f - +6 ring of strength

@: protected from physical damage, repel missiles
A: horns 2, retaliatory headbutt
a: Renounce Religion, Upheaval, Elemental Force, Disaster Area


You were on level 2 of the Orcish Mines.
You worshipped Qazlal.
Qazlal was exalted by your worship.
You visited 3 branches of the dungeon, and saw 20 of its levels.
You also visited: Ossuary and Volcano.

You collected 1797 gold pieces.

Inventory:

Hand Weapons
 m - the +4 falchion of Oropsekh {pain, rF+ Str+4}
   (You found it on level 5 of the Dungeon)

   In the hands of one skilled in necromantic magic, it inflicts extra damage on
   living creatures.
   Str:       It affects your strength (+4).
   rF:        It protects you from fire.
 p - a +2 triple sword of flaming
 I - the +3 triple sword of Winter (weapon) {flame, Dex+3}
   (You acquired it on level 8 of the Dungeon)

   It burns those it strikes, dealing additional fire damage.
   Big, fiery blades are also staple armaments of hydra-hunters.
   Dex:       It affects your dexterity (+3).
Missiles
 t - 41 poisoned darts (quivered)
Armour
 d - a +1 plate armour (worn)
 i - a +0 pair of gloves (worn)
Jewellery
 a - a +6 ring of strength
 f - a +6 ring of strength (right hand)
 k - a ring of resist corrosion
 u - a +4 ring of slaying (left hand)
 B - a ring of poison resistance
 G - a +4 ring of protection
 H - an amulet of reflection (around neck)
 Z - a ring of see invisible
Wands
 w - a wand of paralysis (3)
 N - a wand of roots (18)
 S - a wand of digging (3)
 X - a wand of flame (8)
 Y - a wand of acid (6)
Scrolls
 e - 3 scrolls of torment
 h - 10 scrolls of teleportation
 l - 2 scrolls of summoning
 n - 2 scrolls of magic mapping
 y - a scroll of fear
 E - 4 scrolls of enchant weapon
 K - 2 scrolls of blinking
 L - 5 scrolls of identify
 O - 9 scrolls of enchant armour
 P - 2 scrolls of amnesia
 R - a scroll of brand weapon
 V - 2 scrolls of fog
 W - 3 scrolls of poison
Potions
 c - 2 potions of ambrosia
 g - 6 potions of mutation
 j - 2 potions of haste
 o - 2 potions of attraction
 q - 2 potions of degeneration
 r - 3 potions of berserk rage
 s - 5 potions of lignification
 v - 4 potions of magic
 x - 3 potions of might
 z - 3 potions of invisibility
 A - 4 potions of flight
 C - 5 potions of heal wounds
 F - 3 potions of resistance
 J - 10 potions of brilliance
 M - 9 potions of curing
Miscellaneous
 b - a phial of floods


   Skills:
 * Level 12.5 Fighting
 + Level 23.6 Long Blades
 - Level 9.0 Maces & Flails
 * Level 12.0 Armour
 - Level 3.2 Dodging
 - Level 1.5 Stealth
 - Level 6.0 Invocations


You had 10 spell levels left.
You knew the following spells:

 Your Spells              Type           Power      Damage    Failure   Level
a - Call Canine Familiar  Summ           0%         N/A       100%        3

Your spell library contained the following spells:

 Spells                   Type           Power      Damage    Failure   Level
 Apportation              Tloc           0%         N/A       98%         1
 Necrotise                Necr           0%         1d4       98%         1
 Sandblast                Erth           0%         2d4       98%         1
 Summon Small Mammal      Summ           0%         N/A       98%         1
 Ensorcelled Hibernation  Hex/Ice        0%         N/A       99%         2
 Passwall                 Tmut/Erth      0%         N/A       99%         2
 Scorch                   Fire           0%         2d5       99%         2
 Sublimation of Blood     Necr           0%         N/A       99%         2
 Wereblood                Tmut           0%         N/A       99%         2
 Gell's Gravitas          Tloc           0%         N/A       100%        3
 Lesser Beckoning         Tloc           0%         N/A       100%        3
 Portal Projectile        Hex/Tloc       0%         N/A       100%        3
 Spider Form              Tmut/Pois      0%         N/A       100%        3
 Stone Arrow              Conj/Erth      0%         3d7       100%        3
 Teleport Other           Tloc           0%         N/A       100%        3
 Anguish                  Hex/Necr       0%         N/A       100%        4
 Flame Wave               Conj/Fire      0%         2d4       100%        4
 Leda's Liquefaction      Hex/Erth       0%         N/A       100%        4
 Fireball                 Conj/Fire      0%         3d3       100%        5
 Lee's Rapid Deconstruct  Erth           0%         3d5*      100%        5
 Statue Form              Tmut/Erth      0%         N/A       100%        6
 Summon Cactus Giant      Summ           0%         N/A       100%        6
 Summon Hydra             Summ           0%         N/A       100%        7
 Ignition                 Fire           0%         3d3       100%        8


Dungeon Overview and Level Annotations

Branches:
Dungeon (13/15)            Temple (0/1) D:5            Lair (5/5) D:9
  Swamp (0/4) Lair:2        Snake (0/4) Lair:2        Slime (0/5) Lair:5
    Orc (2/2) D:12         Vaults (0/5) D:13        Ossuary (visited)
Volcano (visited)
    Elf: Orc:2

Altars:
Ashenzari
Elyvilon
Hepliaklqana
Nemelex Xobeh
Okawaru
Qazlal
Sif Muna
Vehumet
Xom

Shops:
D:7 ?((*?   D:12 (

Annotations:
D:4 2 transporters, tizbic2's ghost, amateur DgSu


Innate Abilities, Weirdness & Mutations

You have a pair of horns on your head.
You reflexively headbutt those who attack you in melee.


Message History

The ball of steam misses the smoke demon.
The ball of steam hits you!
* * * LOW HITPOINT WARNING * * *
An orc warrior comes into view. It is wielding a +0 trident.
An ogre comes into view. It is wielding a +0 giant club.
You block the red devil's attack. The orc warrior closely misses you.
The red devil hits you but does no damage.
You hear a shout!
You block the orc warrior's attack.
You hear a shout!
The orc warrior attacks as you move away!
The orc warrior barely misses you.
The orc warrior is struck by lightning.
The orc high priest invokes the aid of Beogh against you.
Beogh smites you!
* * * LOW HITPOINT WARNING * * *
You block the orc warrior's attack.
Your protection from physical attacks is fading.
The ogre barely misses you.
The orc is engulfed in blazing flames.
You kill the orc!
Qazlal accepts your kill.
The orc warrior throws a boomerang.
The boomerang barely misses you. The orc warrior barely misses you.
The orc warrior throws a boomerang.
The boomerang completely misses you. The ogre barely misses you.
You furiously retaliate!
You headbutt the ogre!
The orc warrior attacks as you move away!
You block the orc warrior's attack.
The orc high priest hits you but does no damage.
The orc priest casts a cantrip, but nothing happens.
The orc warrior hits you from afar with a +0 halberd!
* * * LOW HITPOINT WARNING * * *
You feel more protected from physical attacks.
The orc high priest attacks as you move away!
The orc high priest hits you but does no damage.
The orc priest calls down the wrath of Beogh upon you.
Beogh smites you!
* * * LOW HITPOINT WARNING * * *
The orc priest calls down the wrath of Beogh upon you.
Beogh smites you!
You die...

#o#......## ....
#..o..C...####.....
#.##o.....#..#....#
#{#.o..o...........
#....oo............
#.#4#o.o...........
##...o.o§○o#.....#.
##....3.3.o○.........
#.....o.oo☼@○........
.........##.O°.........
...........○...○........
....#...................
........................
..................#.....
.....................
....................


You could see an orc high priest, a cyclops, 2 smoke demons, a red devil
(summoned), 5 orc warriors, an ogre, 3 orc priests, an orc wizard and 5 orcs.

Vanquished Creatures
  Rupert (Lair:3)
  Nessos (Lair:3)
  Snorg (D:10)
  A fire dragon (Lair:5)
  Fannar (Lair:1)
  6 hydras
  3 boulder beetles
  Erolcha (Orc:2)
  8 two-headed ogres
  Erica (D:10)
  2 centaur warriors (D:13)
  An orc high priest (Orc:2)
  Urug (Orc:1)
  A hell knight (Volcano)
  A lindwurm (Lair:5)
  2 oklob plants (Lair:4)
  5 deep elf pyromancers
  7 cyclopes
  2 orc sorcerers (Orc:1)
  A salamander (Volcano)
  2 manticores
  A will-o-the-wisp (Lair:2)
  6 elephants
  7 black mambas
  6 molten gargoyles
  12 cane toads
  A torpor snail (Lair:2)
  2 gargoyles
  2 kobold demonologists
  4 rime drakes
  14 komodo dragons
  3 trolls
  2 polar bears (Lair:5)
  A queen bee (shapeshifter) (D:13)
  7 slime creatures (D:13)
  Grinder (D:4)
  14 blink frogs
  5 dream sheep (Lair:4)
  Sigmund (D:6)
  2 shadows
  A vampire (D:9)
  10 wyverns
  31 yaks
  5 basilisks
  4 wraiths
  4 hogs (D:9)
  3 steam dragons
  A human (D:9)
  8 vampire mosquitoes
  2 wargs (Orc:1)
  A naga (Lair:2)
  13 water moccasins
  4 acid dragons
  A floating eye (Lair:4)
  A sky beast (D:5)
  3 hell hounds (Lair:5)
  8 orc warriors
  5 black bears
  2 ice beasts
  3 ogres
  9 wolves
  8 centaurs
  4 lemures (D:4)
  2 kobold brigands
  9 bullfrogs
  A necrophage (D:6)
  4 scorpions
  A gnoll sergeant (D:8)
  5 wights (D:7)
  12 killer bees
  3 electric eels
  6 howler monkeys
  5 lava snakes (Lair:5)
  2 jellies
  4 hounds
  10 orc priests
  7 iguanas
  Ijyb (D:3)
  26 orc wizards
  7 hell rats
  3 mummies (Ossuary)
  7 adders
  5 gnolls (D:8)
  4 shadow imps
  2 white imps (D:5)
  An ufetubus (D:5)
  4 worms
  2 dart slugs
  57 orcs
  5 ball pythons
  6 endoplasms
  3 goblins
  4 hobgoblins
  3 jackals
  17 kobolds
  A quokka (D:2)
  5 bats
  3 frilled lizards
  A goblin zombie (Ossuary)
  A hobgoblin zombie (Ossuary)
  7 kobold zombies (Ossuary)
  2 orc zombies
  7 rats
  A rat zombie (D:5)
  A butterfly (Lair:4)
528 creatures vanquished.

Vanquished Creatures (collateral kills)
  A cyclops (Orc:1)
1 creature vanquished.

Vanquished Creatures (others)
  A cyclops (Volcano)
  A quokka (D:7)
  18 fungi
  38 plants
58 creatures vanquished.

Grand Total: 587 creatures vanquished

Notes
Turn   | Place    | Note
-------+----------+-------------------------------------------
     0 | D:1      | nickcage the Minotaur Monk began the quest for the Orb.
     0 | D:1      | Reached XP level 1. HP: 19/19 MP: 0/0
   156 | D:1      | Reached skill level 1 in Armour
   215 | D:1      | Reached XP level 2. HP: 27/27 MP: 1/1
   420 | D:1      | Found a faded altar of an unknown god.
   567 | D:2      | Reached XP level 3. HP: 32/33 MP: 2/2
  1236 | D:3      | Reached skill level 5 in Maces & Flails
  1242 | D:3      | Noticed Ijyb
  1244 | D:3      | Paralysed by Ijyb for 4 turns
  1253 | D:3      | Killed Ijyb
  1254 | D:3      | Reached XP level 4. HP: 34/40 MP: 3/3
  1642 | D:3      | Found a sparkling altar of Nemelex Xobeh.
  1642 | D:3      | Found a stormy altar of Qazlal.
  1645 | D:3      | Became a worshipper of Qazlal Stormbringer
  1645 | D:3      | Reached * piety under Qazlal
  1645 | D:3      | Reached ** piety under Qazlal
  1920 | D:4      | Noticed a scorpion
  1924 | D:4      | Killed a scorpion
  1925 | D:4      | Reached XP level 5. HP: 46/46 MP: 4/4
  2327 | D:4      | Reached XP level 6. HP: 50/52 MP: 5/5
  2685 | D:4      | Found a transporter.
  2691 | D:4      | Noticed Grinder
  2705 | D:4      | Killed Grinder
  2706 | D:4      | Reached XP level 7. HP: 58/58 MP: 6/6
  2727 | D:4      | Noticed tizbic2's ghost (amateur DgSu)
  2738 | D:4      | Found a transporter.
  2945 | D:5      | Entered Level 5 of the Dungeon
  2956 | D:5      | Identified the +4 falchion of Oropsekh {pain, rF+ Str+4}
  3054 | D:5      | Found a staircase to the Ecumenical Temple.
  3094 | D:5      | Found a sand-covered staircase.
  3106 | Ossuary  | Entered an ossuary
  3106 | Ossuary  | Noticed a wraith
  3106 | Ossuary  | Noticed a wraith
  3106 | Ossuary  | Noticed a wraith
  3133 | Ossuary  | Reached *** piety under Qazlal
  3196 | Ossuary  | Reached skill level 1 in Long Blades
  3264 | Ossuary  | Noticed a wraith
  3282 | Ossuary  | Killed a wraith
  3283 | Ossuary  | Reached skill level 3 in Long Blades
  3574 | D:5      | Reached skill level 4 in Long Blades
  3580 | D:5      | Reached XP level 8. HP: 64/67 MP: 7/7
  3708 | D:5      | Reached skill level 5 in Long Blades
  3805 | D:5      | Reached skill level 6 in Long Blades
  4154 | D:5      | Found a shimmering blue altar of Sif Muna.
  4459 | D:6      | Noticed Sigmund
  4466 | D:6      | Reached skill level 7 in Long Blades
  4636 | D:6      | Reached skill level 5 in Fighting
  4636 | D:6      | Reached skill level 8 in Long Blades
  4766 | D:6      | Reached **** piety under Qazlal
  4778 | D:5      | Reached skill level 9 in Long Blades
  4891 | D:6      | Killed Sigmund
  4892 | D:6      | Reached XP level 9. HP: 74/74 MP: 8/8
  4961 | D:6      | Reached skill level 10 in Long Blades
  5085 | D:6      | Got the Exposition on Flames
  5249 | D:7      | Found Gygyovoca's Weapon Shoppe.
  5249 | D:7      | Found Siapheij's Magic Scroll Shop.
  5275 | D:7      | Found Nuosiego's Antique Weapon Shop.
  5561 | D:7      | Reached skill level 11 in Long Blades
  5740 | D:7      | Found a white marble altar of Elyvilon.
  6170 | D:7      | Reached skill level 12 in Long Blades
  6261 | D:7      | Found Cyxecwiwn's Magic Scroll Emporium.
  6304 | D:7      | Found Lotwec's Assorted Antiques.
  6695 | D:8      | Reached skill level 1 in Invocations
  7158 | D:8      | Found a shimmering altar of Xom.
  7163 | D:8      | Identified a scroll of acquirement
  7163 | D:8      | Acquired the +3 triple sword of Winter {flame, Dex+3}
  7166 | D:8      | Found a hazy altar of Hepliaklqana.
  7167 | D:8      | Noticed a spectral ugly thing
  7372 | D:9      | Reached XP level 10. HP: 58/84 MP: 8/10
  7520 | D:9      | Reached skill level 13 in Long Blades
  7531 | D:9      | Reached skill level 5 in Armour
  8162 | D:9      | Reached ***** piety under Qazlal
  8163 | D:9      | Noticed a two-headed ogre
  8164 | D:9      | Noticed a deep elf pyromancer
  8227 | D:9      | Killed a deep elf pyromancer
  8228 | D:9      | Reached skill level 14 in Long Blades
  8414 | D:9      | Found a staircase to the Lair.
  8808 | D:9      | Found a broken altar of Ashenzari.
  8808 | D:9      | Found a radiant altar of Vehumet.
  9007 | D:10     | Entered Level 10 of the Dungeon
  9007 | D:10     | Found an iron altar of Okawaru.
  9079 | D:10     | Noticed Snorg
  9087 | D:10     | Killed Snorg
  9088 | D:10     | Reached skill level 15 in Long Blades
  9088 | D:10     | Reached XP level 11. HP: 53/92 MP: 12/12
  9564 | D:10     | Noticed Erica
  9570 | D:10     | Killed Erica
  9571 | D:10     | Reached skill level 16 in Long Blades
  9848 | D:10     | Killed a two-headed ogre
  9949 | D:10     | Upgraded the game from 0.29.0-7-g18a832c13a to
                  | 0.29.0-10-g45618ea6d2
  9971 | Lair:1   | Entered Level 1 of the Lair of Beasts
 10117 | Lair:1   | Reached skill level 17 in Long Blades
 10246 | Lair:1   | Noticed an eight-headed hydra
 10261 | Lair:1   | Killed a six-headed hydra
 10574 | Lair:1   | Reached XP level 12. HP: 79/103 MP: 14/14
 10776 | Lair:1   | Noticed Fannar
 10783 | Lair:1   | Killed Fannar
 10784 | Lair:1   | Reached skill level 18 in Long Blades
 10823 | Lair:1   | Learned a level 3 spell: Call Canine Familiar
 11423 | Lair:2   | Reached skill level 5 in Invocations
 11551 | Lair:2   | Found a staircase to the Swamp.
 11586 | Lair:2   | Noticed a boulder beetle
 11593 | Lair:2   | Killed a boulder beetle
 11724 | Lair:2   | Found a staircase to the Snake Pit.
 11849 | Lair:2   | Noticed a seven-headed hydra
 11857 | Lair:2   | Killed a five-headed hydra
 12148 | Lair:2   | Reached skill level 19 in Long Blades
 12289 | Lair:2   | You fall into a shaft and drop 2 floors!
 12296 | Lair:4   | Noticed a seven-headed hydra
 12320 | Lair:4   | Killed a four-headed hydra
 12395 | Lair:4   | Reached ****** piety under Qazlal
 12546 | Lair:3   | Noticed Nessos
 12555 | Lair:3   | Killed Nessos
 12679 | Lair:3   | Found a dark tunnel.
 12680 | Lair:3   | Noticed Rupert
 12692 | Lair:3   | Killed Rupert
 12693 | Lair:3   | Reached skill level 10 in Fighting
 12693 | Lair:3   | Reached skill level 20 in Long Blades
 12693 | Lair:3   | Reached XP level 13. HP: 40/113 MP: 16/16
 12700 | Volcano  | Entered a volcano
 13466 | Volcano  | Noticed an orb of fire
 13508 | Volcano  | Noticed an orb of fire
 14602 | Lair:4   | Paralysed by a floating eye for 2 turns
 14612 | Lair:4   | Paralysed by a floating eye for 4 turns
 14622 | Lair:4   | Paralysed by a floating eye for 2 turns
 14768 | Lair:4   | Reached skill level 21 in Long Blades
 14813 | Lair:4   | Paralysed by a floating eye for 2 turns
 14816 | Lair:4   | Paralysed by a floating eye for 3 turns
 16001 | Lair:5   | Entered Level 5 of the Lair of Beasts
 16004 | Lair:5   | Found a staircase to the Slime Pits.
 16098 | Lair:5   | Reached skill level 10 in Armour
 16461 | Lair:5   | Reached skill level 22 in Long Blades
 16892 | Lair:5   | Reached XP level 14. HP: 106/121 MP: 17/17
 17324 | Lair:5   | Found a large runed translucent door.
 17514 | Lair:5   | Reached skill level 23 in Long Blades
 17697 | Lair:5   | Found a large runed translucent door.
 19733 | D:12     | Found a staircase to the Orcish Mines.
 19864 | D:12     | Found Hurphur's Weapon Shop.
 21280 | D:13     | Found a gate to the Vaults.
 21413 | Orc:1    | Entered Level 1 of the Orcish Mines
 21431 | Orc:1    | Noticed Urug
 21442 | Orc:1    | Killed Urug
 22076 | Orc:2    | Entered Level 2 of the Orcish Mines
 22108 | Orc:2    | Noticed Erolcha
 22127 | Orc:2    | Killed Erolcha
 22155 | Orc:2    | HP: 3/127 [orc priest/divine providence (10)]
 22155 | Orc:2    | Killed from afar by an orc priest

Illustrated notes

Levels and vault maps discovered:
D:1:      minmay_arrival_hallway, layout_basic,
          shapermc_ecumenical_altar_acropolis, st_stairs_7
D:2:      layout_basic, chequers_serial_rivers_large_a, lemuel_old_faithful
D:3:      layout_basic, gammafunk_temple_overflow_elements,
          nicolae_elevator_lobby_plus, uniq_ijyb
D:4:      layout_cave_pools, gammafunk_ghost_arena, minmay_misc_feat_tower,
          uniq_pikel, uniq_grinder
D:5:      minmay_inner_zag, layout_cave_pools, lemuel_blue_sif_altar,
          minmay_temple_entry_purple_smoke, enter_ossuary_3, kennysheep_diamond,
          nicolae_fountain_basement
D:6:      layout_cave_pools, uniq_sigmund
D:7:      layout_loops_ring, elyvilon_altar_4, serial_shops,
          nicolae_stop_n_shop_1, shop, shop, nicolae_shop_trees, shop,
          hangedman_abyss_or_decor_passed, kennysheep_generic_room_13
D:8:      layout_loops_ring, regret_index_temple_of_mockery, hex_tiny
D:9:      layout_roguey, jmf_multi_god_temple, minmay_lair_entry_grove,
          grunt_livestock
D:10:     layout_gridville, okawaru_metal_pillars_1_2, uniq_erica, uniq_snorg
D:11:     layout_roguey, minmay_unpleasant_kobolds
D:12:     layout_roguey, orc_0_dummy, serial_shops, nicolae_shop_hallway_plus,
          serial_aquarium, aquarium_bridge_island_large
          [aquarium_subvault_large_water, aquarium_subvault_balcony,
          aquarium_subvault_bridge, aquarium_subvault_wall,
          aquarium_subvault_bridge], aquarium_window_fake, aquarium_window_fake,
          aquarium_window_corner, aquarium_view_2b, aquarium_view_2d,
          aquarium_balcony_3a
D:13:     layout_cave_pods, david_vaults_4
Lair:1:   layout_cave_pods, serial_bayou_shore_b, grunt_megastairs_4,
          uniq_fannar
Lair:2:   layout_concentric_octagons, minmay_swamp_entry_wisps,
          guppyfry_snake_entry_garden
Lair:3:   layout_cave_shapes, gauntlet_entry_generic,
          nicolae_volcano_entry_lava_flow, fungi_pond_lemuel, uniq_nessos,
          uniq_rupert
Lair:4:   layout_gridlike, disabler_island, infiniplex_staircase_pool,
          lemuel_fruit_fields
Lair:5:   cheibrodos_lair_end_hotspot, layout_long_grid, slime_entry_1
Orc:1:    layout_caves, mines2_david, uniq_urug
Orc:2:    st_orc_mages, layout_caves, serial_shops, nicolae_shop_stone,
          nicolae_shop_vocational, uniq_erolcha

Skill      XL: |  1  2  3  4  5  6  7  8  9 10 11 12 13 14 |
---------------+-------------------------------------------+-----
Maces & Flails | 4 5 7 8 9 |  9.0
Armour         | 1 2 4 6 7 8 10 12 | 12.0
Long Blades    | 4 9 12 15 17 20 22 23 | 23.6
Fighting       | 4 5 6 7 8 10 12 | 12.5
Invocations    | 1 3 4 6 |  6.0
Dodging        | |  3.2
Stealth        | |  1.5

Action                   |  1- 3 |  4- 6 |  7- 9 | 10-12 | 13-15 || total
-------------------------+-------+-------+-------+-------+-------++-------
Melee: Mace              |    71 |    22 |       |       |       ||    93
       Headbutt          |     6 |    15 |    62 |    68 |   109 ||   260
       Flail             |       |    53 |    11 |       |       ||    64
       Punch             |       |     3 |     5 |       |       ||     8
       Falchion          |       |       |   258 |       |       ||   258
       Triple sword      |       |       |     3 |   337 |   449 ||   789
Throw: Dart              |     2 |    16 |     6 |    41 |    15 ||    80
Invok: Elemental Force   |       |       |       |       |     1 ||     1
  Use: Scroll            |       |     6 |    21 |     2 |     3 ||    32
       Potion            |       |       |       |     3 |     3 ||     6
Armor: Plate armour      |    61 |    42 |    90 |   143 |    98 ||   434
       Robe              |     2 |       |       |       |       ||     2
Dodge: Dodged            |    19 |    13 |    80 |    92 |   111 ||   315
       Repelled          |       |       |       |     1 |     1 ||     2
Block: Other             |       |     8 |    98 |   204 |   189 ||   499
       Reflection        |       |       |     6 |     3 |    16 ||    25
